 Dungeon Crawl Stone Soup version 0.29.0-3-gbb0933ed62 (webtiles) character file.

Game seed: 13460791756317218486

281 themarg the Insei (level 6, -15/47 HPs)
             Began as a Gnoll Transmuter on Aug 25, 2022.
             Was a Follower of Wu Jian.
             Demolished by an ogre
             ... wielding a +0 giant club
              (29 damage)
             ... on level 6 of the Dungeon.
             The game lasted 00:12:12 (3931 turns).

themarg the Insei (Gnoll Transmuter)                Turns: 3931, Time: 00:12:12

Health: -15/47     AC:  2    Str:  9    XL:     6   Next: 27%
Magic:  4/14       EV: 22    Int: 14    God:    Wu Jian [*.....]
Gold:   189        SH:  0    Dex: 18    Spells: 9/15 levels left

rFire   . . .      SeeInvis .     - Unarmed
rCold   . . .      Faith    .   (shield currently unavailable)
rNeg    . . .      Spirit   .   (body armour currently unavailable)
rPois   .          Reflect  .   (helmet currently unavailable)
rElec   .          Harm     .   (cloak currently unavailable)
rCorr   .          Rampage  .   (gloves currently unavailable)
Will    .....                   (boots currently unavailable)
Stlth   ++........              n - amulet of regeneration
HPRegen 0.95/turn               g - ring of poison resistance
MPRegen 0.14/turn               (no ring)

@: spider-form, wereblooded
A: venomous fangs, tiny, (fangs 1), strong nose, distributed training
a: End Transformation, Renounce Religion


You were on level 6 of the Dungeon.
You worshipped Wu Jian.
Wu Jian was aware of your devotion.
You were a venomous arachnid creature.
You visited 1 branch of the dungeon, and saw 5 of its levels.

You collected 189 gold pieces.

Inventory:

Hand Weapons
 o - a +2 vampiric dagger (melded)
 u - a +1 long sword of draining
Missiles
 f - 14 poisoned darts
Armour
 a - a +0 robe (melded)
 e - a +0 helmet (melded)
Jewellery
 g - a ring of poison resistance (left front leg)
 k - a ring of protection from cold
 n - an amulet of regeneration (around neck)
Scrolls
 c - a scroll of magic mapping {unknown}
 d - a scroll of noise {unknown}
 h - a scroll of amnesia {unknown}
 i - a scroll of blinking {unknown}
 j - 3 scrolls of teleportation
 p - a scroll of vulnerability {unknown}
 q - a scroll of enchant armour {unknown}
Potions
 b - a potion of lignification
 l - a potion of magic
 m - a potion of flight {unknown}
 r - 2 potions of mutation
 s - a potion of curing {unknown}
 t - a potion of berserk rage {unknown}
 v - a potion of cancellation {unknown}
 w - a potion of degeneration {unknown}
 x - a potion of ambrosia {unknown}


   Skills:
 + Level 3.2 Fighting
 + Level 2.0 Short Blades
 + Level 2.0 Long Blades
 + Level 2.0 Axes
 + Level 2.0 Maces & Flails
 + Level 2.0 Polearms
 + Level 2.0 Staves
 + Level 2.0 Ranged Weapons
 + Level 2.0 Throwing
 + Level 2.0 Armour
 + Level 5.0 Dodging
 + Level 2.0 Stealth
 + Level 2.0 Shields
 + Level 6.8 Unarmed Combat
 + Level 5.3 Spellcasting
 + Level 1.5 Conjurations
 + Level 1.5 Hexes
 + Level 1.5 Summonings
 + Level 1.5 Necromancy
 + Level 1.5 Translocations
 + Level 4.1 Transmutations
 + Level 1.5 Fire Magic
 + Level 1.5 Ice Magic
 + Level 1.5 Air Magic
 + Level 1.5 Earth Magic
 + Level 1.5 Poison Magic
 + Level 2.1 Invocations
 + Level 2.0 Evocations


You had 9 spell levels left.
You knew the following spells:

 Your Spells              Type           Power      Damage    Failure   Level
a - Beastly Appendage     Tmut           30%        N/A       11%         1
b - Wereblood             Tmut           15%        N/A       14%         2
c - Spider Form           Tmut/Pois      11%        N/A       34%         3

Your spell library contained the following spells:

 Spells                   Type           Power      Damage    Failure   Level
 Stone Arrow              Conj/Erth      16%        3d8       47%         3
 Ice Form                 Ice/Tmut       11%        N/A       67%         4
 Animate Armour           Summ/Erth      16%        N/A       83%         4
 Lehudib's Crystal Spear  Conj/Erth      4%         10d3      100%        8


Dungeon Overview and Level Annotations

Branches:
Dungeon (4/15)
 Temple: D:4-7

Altars:
Wu Jian
Xom

Annotations:
D:3 3 runed translucent doors, Arctirus's ghost, amateur OpHW


Innate Abilities, Weirdness & Mutations

You are a venomous arachnid creature.
You have poisonous fangs.
You are tiny and dextrous.
Your spellcasting is less reliable in this form.
Your armour is entirely melded.
You are incapable of wielding weapons or throwing items.
((You have very sharp teeth.))
Your uncanny sense of smell can sniff out nearby items.
Your experience applies equally to all skills.


Message History

The orc priest looks as sick as possible!
The orc priest is lightly wounded.
The orc priest calls down the wrath of Beogh upon you.
Beogh smites you!
You hit the orc priest but do no damage.
The orc priest looks as sick as possible!
The orc priest is heavily wounded.
The orc priest hits you with a +0 mace.
You hit the orc priest but do no damage.
The orc priest is heavily wounded.
The orc priest mumbles some strange prayers to Beogh against you.
Pain shoots through your body! The orc closely misses you.
You hit the orc.
The orc is poisoned.
The orc is severely wounded.
You feel a bit better.
You kill the orc!
The Council accepts your kill. The orc priest barely misses you.
You bite the orc!
You feel a bit better.
You kill the orc!
The Council accepts your kill.
Your transformation has ended.
Your +2 vampiric dagger unmelds from your body.
Your +0 helmet unmelds from your body.
Your +0 robe unmelds from your body.
You feel a sense of dread.
The orc priest mumbles some strange prayers to Beogh against you.
Beogh smites you!
* * * LOW HITPOINT WARNING * * *
Casting: Wereblood (safe; 4% risk of failure)
Confirm with . or Enter, or press ? or * to list all spells.
You turn into a venomous arachnid creature.
Your +2 vampiric dagger melds into your body.
Your +0 helmet melds into your body.
Your +0 robe melds into your body.
You feel the dreadful sensation subside.
You feel a bit better.
You kill the orc priest!
The Council accepts your kill.
The ogre hits you with a +0 giant club!!
Ouch! That really hurt!
You die...

#..... #.... #.....
#...# .. #.....
#...###.# #.....
#...#...###.## .#.....
#............#
.......##....#.#.#.#.###
.......†................
.....##>.....#.#.#.#....
......Os#.............##
..#.#.#)#....#.#.#.#)...
#......o#............#
..#.#.#.#....#.#†#.#.#
........#............# .
#.#.#.#.#####.#.##.### .
.........∆ ...#.# ... .
##########.####.# ### #
# #.# #


You could see an ogre and an orc.

Vanquished Creatures
  A scorpion (D:4)
  An orc priest (D:6)
  A jelly (D:6)
  2 iguanas
  4 adders
  2 worms
  A dart slug (D:4)
  8 orcs
  11 endoplasms
  4 giant cockroaches
  2 hobgoblins
  7 jackals
  12 kobolds
  3 quokkas
  8 ball pythons
  10 bats
  6 frilled lizards
  5 goblins
  8 rats
96 creatures vanquished.

Vanquished Creatures (others)
  9 toadstools (D:4)
9 creatures vanquished.

Grand Total: 105 creatures vanquished

Notes
Turn   | Place    | Note
-------+----------+-------------------------------------------
     0 | D:1      | themarg the Gnoll Transmuter began the quest for the Orb.
     0 | D:1      | Reached XP level 1. HP: 17/17 MP: 6/6
   303 | D:1      | Reached XP level 2. HP: 17/23 MP: 5/7
   425 | D:1      | Learned a level 2 spell: Wereblood
  1091 | D:1      | Reached skill level 5 in Spellcasting
  1091 | D:1      | Reached XP level 3. HP: 26/28 MP: 7/9
  1356 | D:1      | Reached skill level 1 in Invocations
  1622 | D:2      | Learned a level 3 spell: Spider Form
  1628 | D:2      | Reached skill level 1 in Short Blades
  1628 | D:2      | Reached skill level 1 in Long Blades
  1628 | D:2      | Reached skill level 1 in Axes
  1628 | D:2      | Reached skill level 1 in Maces & Flails
  1628 | D:2      | Reached skill level 1 in Polearms
  1628 | D:2      | Reached skill level 1 in Staves
  1628 | D:2      | Reached skill level 1 in Ranged Weapons
  1628 | D:2      | Reached skill level 1 in Throwing
  1628 | D:2      | Reached skill level 1 in Armour
  1628 | D:2      | Reached skill level 1 in Stealth
  1628 | D:2      | Reached skill level 1 in Shields
  1628 | D:2      | Reached skill level 1 in Evocations
  1628 | D:2      | Reached XP level 4. HP: 19/34 MP: 7/11
  2176 | D:2      | Reached skill level 1 in Conjurations
  2176 | D:2      | Reached skill level 1 in Hexes
  2176 | D:2      | Reached skill level 1 in Summonings
  2176 | D:2      | Reached skill level 1 in Necromancy
  2176 | D:2      | Reached skill level 1 in Translocations
  2176 | D:2      | Reached skill level 1 in Fire Magic
  2176 | D:2      | Reached skill level 1 in Ice Magic
  2176 | D:2      | Reached skill level 1 in Air Magic
  2176 | D:2      | Reached skill level 1 in Earth Magic
  2176 | D:2      | Reached skill level 1 in Poison Magic
  2894 | D:3      | Found a faded altar of an unknown god.
  2959 | D:3      | Found an ornate altar of the Wu Jian Council.
  2964 | D:3      | Became a worshipper of the Wu Jian Council
  3031 | D:3      | Reached XP level 5. HP: 40/40 MP: 10/12
  3075 | D:3      | Found a large runed translucent door.
  3084 | D:3      | Found a large runed translucent door.
  3424 | D:3      | Found a runed translucent gate.
  3425 | D:3      | Found a runed translucent gate.
  3425 | D:3      | Found a runed translucent gate.
  3427 | D:3      | Noticed Arctirus's ghost (amateur OpHW)
  3460 | D:3      | Found a shimmering altar of Xom.
  3796 | D:4      | Reached * piety under Wu Jian
  3814 | D:4      | You fall into a shaft and drop 2 floors!
  3830 | D:6      | Reached XP level 6. HP: 37/47 MP: 8/14
  3910 | D:6      | Reached skill level 5 in Dodging
  3931 | D:6      | Demolished by an ogre

Illustrated notes

Levels and vault maps discovered:
D:1:      spicycebolla_green_bress_n_ham, layout_basic
D:2:      layout_loops_ring, hangedman_glass_teeth, chequers_jeans
D:3:      due_chaos_kobolds, layout_loops_ring, mainiacjoe_overflow_alcove_1,
          gammafunk_ghost_necromancy, serial_rivers,
          chequers_serial_rivers_micro_b, chequers_serial_rivers_micro_c,
          chequers_serial_rivers_micro_d, chequers_serial_rivers_micro_b,
          chequers_serial_rivers_small_a, chequers_ecumenical_altar_lobes
D:4:      cheibrodos_fertilizer, layout_loops_ring, minmay_misc_feat_cross,
          minmay_statues_item, lightli_minifort
D:6:      layout_basic, lemuel_round_altar, nicolae_uskayaw_dance_hall,
          minmay_temple_entry_statues_pillars, serial_glass, glass_columns_b,
          glass_columns_b, glass_columns_a, glass_columns_a, glass_columns_a,
          glass_columns_b, glass_columns_b, glass_columns_b, glass_columns_a,
          glass_columns_c, glass_columns_c, glass_columns_c, glass_columns_a,
          glass_columns_a, uniq_pikel, uniq_duvessa

Skill      XL: |  1  2  3  4  5  6 |
---------------+-------------------+-----
Spellcasting   | 5 |  5.3
Invocations    | 1 2 |  2.1
Short Blades   | 1 2 |  2.0
Long Blades    | 1 2 |  2.0
Axes           | 1 2 |  2.0
Maces & Flails | 1 2 |  2.0
Polearms       | 1 2 |  2.0
Staves         | 1 2 |  2.0
Ranged Weapons | 1 2 |  2.0
Throwing       | 1 2 |  2.0
Armour         | 1 2 |  2.0
Stealth        | 1 2 |  2.0
Shields        | 1 2 |  2.0
Evocations     | 1 2 |  2.0
Conjurations   | 1 |  1.5
Hexes          | 1 |  1.5
Summonings     | 1 |  1.5
Necromancy     | 1 |  1.5
Translocations | 1 |  1.5
Fire Magic     | 1 |  1.5
Ice Magic      | 1 |  1.5
Air Magic      | 1 |  1.5
Earth Magic    | 1 |  1.5
Poison Magic   | 1 |  1.5
Fighting       | 3 |  3.2
Transmutations | 4 |  4.1
Dodging        | 5 |  5.0
Unarmed Combat | |  6.8

Action                   |  1- 3 |  4- 6 || total
-------------------------+-------+-------++-------
Melee: Unarmed           |    15 |    36 ||    51
       Dagger            |    73 |   125 ||   198
       Kick              |    24 |    24 ||    48
       Bite              |     8 |    13 ||    21
       Headbutt          |     6 |    11 ||    17
       Punch             |     3 |     6 ||     9
 Cast: Beastly Appendage |    19 |    26 ||    45
       Spider Form       |     1 |     7 ||     8
       Wereblood         |     1 |     3 ||     4
Invok: Lunge             |       |     9 ||     9
  Use: Scroll            |       |     3 ||     3
 Stab: Sleeping          |     1 |     5 ||     6
Armor: Robe              |    20 |    16 ||    36
Dodge: Dodged            |    63 |    77 ||   140
